 Dungeon Crawl Stone Soup version 0.30.0-15-g856e2d3f33 (webtiles) character file.

Game seed: 17051148212278908372

1265 tussin the Cleaver (level 8, -3/70 HPs)
             Began as a Hill Orc Chaos Knight on May 18, 2023.
             Was a Plaything of Xom.
             Slain by an entropy weaver (shapeshifter) (11 damage)
             ... on level 7 of the Dungeon.
             The game lasted 00:19:52 (2413 turns).

tussin the Cleaver (Hill Orc Chaos Knight)          Turns: 2413, Time: 00:19:53

Health: -3/70      AC: 14    Str: 15    XL:     8   Next: 52%
Magic:  8/8        EV:  5    Int: 12    God:    Xom [.*....]
Gold:   245        SH:  0    Dex: 12    Spells: 7/7 levels left

rFire   . . .        a - +0 hand axe (chaos)
rCold   + . .        (no shield)
rNeg    . . .        u - +0 plate armour
rPois   .            (helmet restricted)
rElec   .            k - +0 cloak
rCorr   .            (no gloves)
SInv    .            (no boots)
Will    +....        (no amulet) Stlth
                     e - ring of protection from cold
HPRegen 1.11/turn    (no ring)
MPRegen 0.11/turn

%: no passive effects
@: about to teleport
A: hooves 1, horns 1, strong-willed 1, regeneration 1, teleportitis 1
a: Renounce Religion


You were on level 7 of the Dungeon.
You worshipped Xom.
You were a plaything of Xom.
You visited 2 branches of the dungeon, and saw 8 of its levels.

You collected 245 gold pieces.

Inventory:

Hand Weapons
 a - a +0 hand axe of chaos (weapon)
 r - a +2 shortbow of chaos
Missiles
 f - 7 javelins
Armour
 b - a +2 leather armour
 d - a +0 chain mail
 h - +0 steam dragon scales
 k - a +0 cloak (worn)
 u - a +0 plate armour (worn)
Jewellery
 e - a ring of protection from cold (left hand)
 y - a ring of wizardry
Wands
 p - a wand of quicksilver (3)
Scrolls
 g - 4 scrolls of amnesia {unknown}
 l - a scroll of fog {unknown}
 m - a scroll of teleportation
 n - a scroll of enchant weapon {unknown}
 o - a scroll of immolation {unknown}
 t - a scroll of fear {unknown}
 v - a scroll of brand weapon {unknown}
 w - a scroll of silence {unknown}
Potions
 j - a potion of cancellation {unknown}
 q - a potion of ambrosia {unknown}
 s - 2 potions of haste
 x - a potion of might {unknown}
Miscellaneous
 c - a piece from Xom's chessboard (15/15) (quivered)


   Skills:
 + Level 6.1 Fighting
 + Level 9.1 Axes
 + Level 6.5 Armour
 + Level 1.9 Dodging
 + Level 2.0 Stealth


You had 7 spell levels left.
You didn't know any spells.
Your spell library contained the following spells:

 Spells                   Type           Power      Damage    Failure   Level
 Foxfire                  Conj/Fire      0%         2x1d4     100%        1
 Freeze                   Ice            0%         1d3       100%        1
 Lesser Beckoning         Tloc           0%         N/A       100%        2
 Frozen Ramparts          Ice            0%         1d1       100%        3
 Gell's Gravitas          Tloc           0%         N/A       100%        3
 Hailstorm                Conj/Ice       0%         3d3       100%        3
 Inner Flame              Hex/Fire       0%         N/A       100%        3
 Teleport Other           Tloc           0%         N/A       100%        3
 Sticky Flame             Conj/Fire      0%         2d3       100%        4
 Summon Horrible Things   Summ           0%         N/A       100%        8


Dungeon Overview and Level Annotations

Branches:
Dungeon (7/15)             Temple (1/1) D:5

Altars:
Dithmenos
Fedhas
Ru
Trog

Shops:
D:2 =


Innate Abilities, Weirdness & Mutations

You have large cloven feet.
You have a pair of small horns on your head.
You are strong-willed. (Will+)
Your natural rate of healing is unusually fast.
You are occasionally teleported next to monsters.


Message History

You barely miss the bullfrog.
The bullfrog is moderately wounded.
The bullfrog hits you but does no damage. x2
You slash the bullfrog! You drain the bullfrog. Your kick misses the bullfrog.
You headbutt the bullfrog.
The bullfrog is almost dead.
The bullfrog barely misses you.
You hit the bullfrog. Lightning courses through the bullfrog!
You kill the bullfrog!
The steam dragon breathes steam at you.
The ball of steam hits the shadow imp!!
The shadow imp dies!
The ball of steam hits you!
* * * LOW HITPOINT WARNING * * *
Your Axes skill increases to level 9!
You feel better.
You are engulfed in a cloud of scalding steam.
* * * LOW HITPOINT WARNING * * *
You feel better.
You are engulfed in a cloud of scalding steam.
The bullfrog gives a loud, deep croak!
You see here a scroll labelled CEOZEB IWOSAIN.
You feel a bit more experienced. The steam dragon breathes steam at you.
The ball of steam hits you!
* * * LOW HITPOINT WARNING * * *
You hear a shout!
Your Stealth skill increases to level 2!
The entropy weaver shouts!
You hear a shout!
The orc shouts!
As you read the scroll of teleportation, it crumbles to dust.
You feel strangely unstable. The steam dragon bites you.
* * * LOW HITPOINT WARNING * * *
The steam dragon barely misses you.
The entropy weaver hits you but does no damage. x2
The entropy weaver hits you!
* * * LOW HITPOINT WARNING * * *
The entropy weaver hits you!
You die...
Xom is highly amused!

.......#...$...
#.....#.......
######.....§......
..............# #
..............##.#
............!......
...................
.......D..?........
.......@..§.......#
.......B#.§§..##./.
.....o.†#..........
........)..........
.......##.:..#....
####.#)o#)....).#.
#.##B.<...#.##
#....)..##.....
................


You could see an entropy weaver shaped shifter, a steam dragon and an orc.

Vanquished Creatures
  A yak (D:4)
  2 steam dragons
  An orc warrior (D:7)
  2 black bears (D:4)
  A centaur (D:4)
  2 bullfrogs (D:7)
  A ballistomycete (D:4)
  2 orc priests (D:7)
  2 iguanas (D:7)
  3 orc wizards
  10 adders
  A white imp (D:7)
  2 ufetubi
  A dart slug (D:4)
  6 orcs
  An endoplasm (D:2)
  2 giant cockroaches
  5 goblins
  5 hobgoblins
  3 quokkas
  5 ball pythons
  4 bats
  3 frilled lizards
  A kobold (D:1)
  4 rats
70 creatures vanquished.

Vanquished Creatures (collateral kills)
  An orc (D:7)
1 creature vanquished.

Vanquished Creatures (others)
  A shadow imp (D:7)
  A white imp (D:7)
2 creatures vanquished.

Grand Total: 73 creatures vanquished

Notes
Turn   | Place    | Note
-------+----------+-------------------------------------------
     0 | D:1      | tussin the Hill Orc Chaos Knight began the quest for the
                  | Orb.
     0 | D:1      | Reached XP level 1. HP: 19/19 MP: 1/1
   210 | D:2      | XOM: potion effect (might)
   213 | D:2      | Reached XP level 2. HP: 26/27 MP: 2/2
   239 | D:2      | Reached XP level 3. HP: 33/33 MP: 3/3
   285 | D:2      | XOM: divination: detect creatures
   324 | D:2      | Got the Omnibus of the Incendiary Swarm
   370 | D:2      | Found Doompuri's Jewellery Boutique.
   494 | D:2      | Reached skill level 5 in Axes
   562 | D:2      | Gained mutation: You have a pair of small horns on your
                  | head. [potion of mutation]
   562 | D:2      | Gained mutation: You are occasionally teleported next to
                  | monsters. [potion of mutation]
   562 | D:2      | Gained mutation: You are strong-willed. (Will+) [potion of
                  | mutation]
   733 | D:3      | XOM: butterfly on damage
   819 | D:3      | XOM: give mutations
   819 | D:3      | Gained mutation: You have large cloven feet. [Xom's grace]
   819 | D:3      | Gained mutation: Your natural rate of healing is unusually
                  | fast. [Xom's grace]
   917 | D:3      | Reached XP level 4. HP: 41/41 MP: 4/4
   966 | D:3      | XOM: cloud trail
   999 | D:3      | XOM: god gift: 28 gold pieces
  1308 | D:3      | XOM: scenery: summon butterflies
  1429 | D:3      | XOM: cloud trail
  1518 | D:4      | Reached XP level 5. HP: 47/47 MP: 5/5
  1542 | D:4      | Noticed a centaur
  1545 | D:4      | XOM: noise
  1548 | D:4      | XOM: enchant monster (good)
  1549 | D:4      | XOM: chaos upgrade
  1553 | D:4      | Reached skill level 6 in Axes
  1553 | D:4      | Noticed a black bear
  1557 | D:4      | Killed a centaur
  1558 | D:4      | Reached skill level 1 in Dodging
  1565 | D:4      | Killed a black bear
  1565 | D:4      | Noticed a yak
  1566 | D:4      | Reached skill level 5 in Fighting
  1566 | D:4      | Reached XP level 6. HP: 46/56 MP: 6/6
  1566 | D:4      | XOM: chaos upgrade
  1567 | D:4      | Noticed a black bear
  1575 | D:4      | Killed a black bear
  1576 | D:4      | Reached skill level 7 in Axes
  1581 | D:4      | Reached skill level 1 in Stealth
  1591 | D:4      | Killed a yak
  1592 | D:4      | Reached XP level 7. HP: 39/61 MP: 5/7
  1697 | D:4      | XOM: stat loss: -1 Dex (11/12)
  1769 | D:4      | XOM: confuse monster(s)
  1840 | D:5      | Entered Level 5 of the Dungeon
  1851 | D:5      | Found a staircase to the Ecumenical Temple.
  1880 | Temple   | Entered the Ecumenical Temple
  2108 | D:6      | Noticed a steam dragon
  2108 | D:6      | Noticed a steam dragon
  2117 | D:6      | XOM: silly message
  2127 | D:5      | Killed a steam dragon
  2128 | D:5      | Reached skill level 8 in Axes
  2128 | D:5      | Reached skill level 5 in Armour
  2167 | D:6      | XOM: noise
  2178 | D:6      | Killed a steam dragon
  2179 | D:6      | Reached XP level 8. HP: 23/70 MP: 8/8
  2396 | D:7      | an orc changed into a shapeshifter
  2396 | D:7      | Noticed a shapeshifter (shapeshifter)
  2396 | D:7      | a shapeshifter changed into an entropy weaver
  2396 | D:7      | Noticed an entropy weaver (shapeshifter)
  2404 | D:7      | Reached skill level 9 in Axes
  2413 | D:7      | Slain by an entropy weaver (shapeshifter)

Illustrated notes

Levels and vault maps discovered:
D:1:      heliophobic_arrival_ceremonial_halls, layout_rooms, serial_shops, shop
D:2:      layout_loops_ring, serial_shops, nicolae_shop_tiny_statue_garden,
          minmay_pentomino_q4
D:3:      layout_loops_cross
D:4:      layout_loops_ring, minmay_manual_macuahuitl
D:5:      layout_basic, minmay_temple_entry_wispy, serial_shops, shop
D:6:      layout_basic, serial_shops, shop, nicolae_nh_ransacked_shop,
          uniq_crazy_yiuf_cottage
D:7:      layout_rooms, uniq_pikel, uniq_menkaure
Temple:   nicolae_temple_superstar

Skill      XL: |  1  2  3  4  5  6  7  8 |
---------------+-------------------------+-----
Fighting       | 4 5 6 |  6.1
Axes           | 5 6 7 8 9 |  9.1
Armour         | 3 4 5 6 |  6.5
Dodging        | 1 |  1.9
Stealth        | 1 2 |  2.0

Action                     |  1- 3 |  4- 6 |  7- 9 || total
---------------------------+-------+-------+-------++-------
  Melee: Hand axe          |    95 |    92 |    80 ||   267
         Headbutt          |     2 |    19 |    13 ||    34
         Punch             |     1 |     3 |     3 ||     7
         Kick              |       |    17 |    28 ||    45
    Use: Scroll            |     2 |       |     1 ||     3
         Potion            |     3 |       |     3 ||     6
   Stab: Paralysed         |       |     1 |       ||     1
         Petrified         |       |     1 |       ||     1
         Petrifying        |       |       |     1 ||     1
 Armour: Chain mail        |    96 |    93 |     5 ||   194
         Leather armour    |     2 |       |       ||     2
         Plate armour      |       |       |    81 ||    81
  Dodge: Dodged            |    66 |    30 |    33 ||   129
